 Dungeon Sprint DCSS version 0.31-a0-1620-gcbf77bbcfc (webtiles) character file.

Game seed: 14805147473501082911

11 zazu2006 the Magician (level 2, -1/23 HPs)
             Began as a Gnoll Wanderer on Jan 11, 2024.
             Was a Follower of Vehumet.
             Slain by an ufetubus (3 damage)
             ... in the Dungeon (Sprint VII: "The Pits").
             The game lasted 00:01:12 (93 turns).

zazu2006 the Magician (Gnoll Wanderer)                Turns: 93, Time: 00:01:13

Health: -1/23      AC:  3    Str:  8    XL:     2   Next: 25%
Magic:  6/8        EV: 14    Int: 10    God:    Vehumet [*.....]
Gold:   0          SH:  0    Dex: 15    Spells: 9/11 levels left

rFire   . . .        m - +2 falchion (flame)
rCold   . . .        (no shield)
rNeg    . . .        d - +0 robe
rPois   .            (no helmet)
rElec   .            b - +0 cloak
rCorr   .            (no gloves)
SInv    .            (no boots)
Will    .....        (no amulet)
Stlth   ++           (no ring)
HPRegen 0.23/turn    (no ring)
MPRegen 0.11/turn

%: no teleportation
@: very slightly contaminated
A: fangs 1, strong nose, distributed training
a: Renounce Religion


You were in the Dungeon.
You worshipped Vehumet.
Vehumet was aware of your devotion.
You visited 1 branch

Inventory:

Hand Weapons
 l - a +2 dagger
 m - a +2 falchion of flaming (weapon)
Armour
 b - a +0 cloak (worn)
 d - a +0 robe (worn)
Scrolls
 k - a scroll of blinking
 n - 2 scrolls of vulnerability
 o - 5 scrolls of amnesia
 p - a scroll of butterflies
Potions
 a - 2 potions of invisibility
 c - a potion of might
 e - a potion of lignification
 f - a potion of curing
 g - a potion of heal wounds
 h - a potion of haste
 i - 4 potions of magic
 j - 3 potions of berserk rage


   Skills:
 + Level 2.8 Fighting
 + Level 1.2 Short Blades
 + Level 1.2 Long Blades
 + Level 1.2 Axes
 + Level 1.2 Maces & Flails
 + Level 1.2 Polearms
 + Level 1.2 Staves
 + Level 1.2 Ranged Weapons
 + Level 1.2 Throwing
 + Level 2.8 Armour
 + Level 4.7 Dodging
 + Level 1.2 Stealth
 + Level 1.2 Shields
 + Level 2.8 Unarmed Combat
 + Level 5.1 Spellcasting
 + Level 1.0 Conjurations
 + Level 1.0 Hexes
 + Level 3.9 Summonings
 + Level 1.0 Necromancy
 + Level 1.0 Translocations
 + Level 1.0 Fire Magic
 + Level 1.0 Ice Magic
 + Level 1.0 Air Magic
 + Level 1.0 Earth Magic
 + Level 1.0 Alchemy
 + Level 2.9 Invocations
 + Level 1.2 Evocations
 + Level 1.1 Shapeshifting


You had 9 spell levels left.
You knew the following spells:

 Your Spells              Type           Power      Damage    Failure   Level
a - Foxfire               Conj/Fire      16%        2x1d4     14%         1
i - Summon Small Mammal   Summ           40%        N/A       4%          1

Your spell library contained the following spells:

 Spells                   Type           Power      Damage    Failure   Level
 Call Canine Familiar     Summ           10%        N/A       14%         3
 Summon Blazeheart Golem  Fire/Summ      7%         N/A       63%         4


Dungeon Overview and Level Annotations

Branches:
Dungeon (1/1)

Altars:
Ashenzari
Cheibriados
Dithmenos
Elyvilon
Fedhas
Gozag
Hepliaklqana
Kikubaaqudgha
Makhleb
Nemelex Xobeh
Okawaru
Qazlal
Ru
Sif Muna
Trog
Uskayaw
Vehumet
Wu Jian
Xom
Yredelemnul
Zin
The Shining One
Jiyva
Lugonu


Innate Abilities, Weirdness & Mutations

You have very sharp teeth.
Your uncanny sense of smell can sniff out nearby items.
Your experience applies equally to all skills.


Message History

Vehumet grants you knowledge of Foxfire.
You start memorising the spell.
You continue memorising.
You finish memorising.
You add the spell Foxfire to your library.
Spell assigned to 'b'.
Adjust (i)tems, (s)pells, or (a)bilities?
Adjust which spell? b - Foxfire Adjust to which letter? a - Foxfire; b - Summon Small Mammal Adjust (i)tems, (s)pells, or (a)bilities?
Adjust which spell? b - Summon Small Mammal Adjust to which letter? i - Summon Small Mammal You open the door.
An ufetubus, a quokka, an endoplasm and a scorpion come into view.
The ufetubus shouts!
The endoplasm quivers.
There is an open door here.
The ufetubus attacks as it pursues you!
The ufetubus hits you but does no damage.
The ufetubus hits you.
* * * LOW HITPOINT WARNING * * *
There is an open door here.
Casting: Summon Small Mammal (safe; 4% risk of failure)
Confirm with . or Enter, or press ? or * to list all spells.
You miscast Foxfire.
You are very lightly contaminated with residual magic.
Nothing appears to happen.
The ufetubus closely misses you. The ufetubus barely misses you.
The ufetubus hits you.
* * * LOW HITPOINT WARNING * * *
The ufetubus closely misses you.
Casting: Foxfire (safe; 14% risk of failure)
Confirm with . or Enter, or press ? or * to list all spells.
You conjure some foxfire!
The ufetubus misses you. x2
Your foxfire dissipates!
The foxfire hits the ufetubus but does no damage.
The ufetubus slips past you! The ufetubus misses you. The ufetubus hits you.
You die...

#_________.#
#_________.#
#_______...###########+
##########'##..........
#..(.')))'.##......#..#
##########.##..........
#...........'..........
+#####5#####......#..#
#..#@.# #..........
#..'§.+ ####'#####+
##'#### #.......#
#.J.r....##.......#
#....s...##.......#
#####+#####...<...#
∆∆∆∆∆ #.......# ∆∆∆∆∆
#.......# #.......#


You could see an ufetubus and an endoplasm.

Vanquished Creatures
  An ufetubus (D)
  An adder zombie (D)
  A bat skeleton (D)
  A frilled lizard (D)
4 creatures vanquished.

Vanquished Creatures (others)
  A foxfire (D)
1 creature vanquished.

Grand Total: 5 creatures vanquished

Notes
Turn   | Place    | Note
-------+----------+-------------------------------------------
     0 | D        | zazu2006 the Gnoll Wanderer began the quest for the Orb.
     0 | D        | zazu2006 set off with the following items: a +0 dagger, a
                  | +0 cloak, a potion of might, a +0 robe, a potion of
                  | lignification, a potion of curing, a potion of heal wounds,
                  | a potion of haste, 2 potions of magic, a potion of berserk
                  | rage, a scroll of blinking; and the following spell
                  | memorised: Summon Small Mammal; and the following spells
                  | available to memorise: Call Canine Familiar, Summon
                  | Blazeheart Golem.
     0 | D        | Reached XP level 1. HP: 17/17 MP: 6/6
    20 | D        | Found a bloodstained altar of Trog.
    20 | D        | Found a shimmering blue altar of Sif Muna.
    20 | D        | Found a viscous altar of Jiyva.
    20 | D        | Found a hazy altar of Hepliaklqana.
    20 | D        | Found an opulent altar of Gozag.
    21 | D        | Found a glowing golden altar of the Shining One.
    21 | D        | Found a glowing silver altar of Zin.
    21 | D        | Found a basalt altar of Yredelemnul.
    21 | D        | Found a shimmering altar of Xom.
    21 | D        | Found an ornate altar of the Wu Jian Council.
    21 | D        | Found a sacrificial altar of Ru.
    21 | D        | Found a stormy altar of Qazlal.
    21 | D        | Found an iron altar of Okawaru.
    21 | D        | Found a sparkling altar of Nemelex Xobeh.
    21 | D        | Found a burning altar of Makhleb.
    21 | D        | Found a blossoming altar of Fedhas.
    21 | D        | Found a white marble altar of Elyvilon.
    21 | D        | Found a shadowy altar of Dithmenos.
    21 | D        | Found a snail-covered altar of Cheibriados.
    22 | D        | Found a radiant altar of Vehumet.
    22 | D        | Found a corrupted altar of Lugonu.
    23 | D        | Found a hide-covered altar of Uskayaw.
    23 | D        | Found an ancient bone altar of Kikubaaqudgha.
    23 | D        | Found a broken altar of Ashenzari.
    30 | D        | Became a worshipper of Vehumet
    83 | D        | Reached skill level 1 in Short Blades
    83 | D        | Reached skill level 1 in Long Blades
    83 | D        | Reached skill level 1 in Axes
    83 | D        | Reached skill level 1 in Maces & Flails
    83 | D        | Reached skill level 1 in Polearms
    83 | D        | Reached skill level 1 in Staves
    83 | D        | Reached skill level 1 in Ranged Weapons
    83 | D        | Reached skill level 1 in Throwing
    83 | D        | Reached skill level 1 in Stealth
    83 | D        | Reached skill level 1 in Shields
    83 | D        | Reached skill level 5 in Spellcasting
    83 | D        | Reached skill level 1 in Evocations
    83 | D        | Reached skill level 1 in Shapeshifting
    83 | D        | Reached XP level 2. HP: 4/23 MP: 8/8
    85 | D        | Reached * piety under Vehumet
    85 | D        | Offered knowledge of Foxfire by Vehumet.
    86 | D        | Reached skill level 1 in Conjurations
    86 | D        | Reached skill level 1 in Hexes
    86 | D        | Reached skill level 1 in Necromancy
    86 | D        | Reached skill level 1 in Translocations
    86 | D        | Reached skill level 1 in Fire Magic
    86 | D        | Reached skill level 1 in Ice Magic
    86 | D        | Reached skill level 1 in Air Magic
    86 | D        | Reached skill level 1 in Earth Magic
    86 | D        | Reached skill level 1 in Alchemy
    88 | D        | Learned a level 1 spell: Foxfire
    89 | D        | Noticed a scorpion
    93 | D        | Slain by an ufetubus

Illustrated notes

Levels and vault maps discovered:
D:        pitsprint [storerooms_1, entrance_room_1, metal_vault_2, armoury_2,
          mini_pit_1, grid_room_1, main_hall_1, silver_pit, the_coven_3,
          the_vestibule_1, steel_vault_1, golden_pit, hallway_of_sentries,
          crystal_vault_2, iron_vault_1, final_vault]

Skill      XL: |  1  2 |
---------------+-------+-----
Short Blades   | 1 |  1.2
Long Blades    | 1 |  1.2
Axes           | 1 |  1.2
Maces & Flails | 1 |  1.2
Polearms       | 1 |  1.2
Staves         | 1 |  1.2
Ranged Weapons | 1 |  1.2
Throwing       | 1 |  1.2
Stealth        | 1 |  1.2
Shields        | 1 |  1.2
Spellcasting   | 5 |  5.1
Evocations     | 1 |  1.2
Shapeshifting  | 1 |  1.1
Conjurations   | 1 |  1.0
Hexes          | 1 |  1.0
Necromancy     | 1 |  1.0
Translocations | 1 |  1.0
Fire Magic     | 1 |  1.0
Ice Magic      | 1 |  1.0
Air Magic      | 1 |  1.0
Earth Magic    | 1 |  1.0
Alchemy        | 1 |  1.0
Fighting       | |  2.8
Armour         | |  2.8
Dodging        | |  4.7
Unarmed Combat | |  2.8
Summonings     | |  3.9
Invocations    | |  2.9

Action                     || total
---------------------------++-------
  Melee: Falchion          ||    10
         Dagger            ||     3
   Cast: Summon Small Mamm ||     2
         Foxfire           ||     1
 Armour: Robe              ||    16
  Dodge: Dodged            ||    30

Table legend: (Time is in decaauts)
 A = Elapsed time spent in this place.
 B = Non-inter-level travel time spent in this place.
 C = Inter-level travel time spent in this place.
 D = Time resting spent in this place.
 E = Time spent auto-exploring this place.
 F = Levels seen in this place.
 G = Mean time per level.
                   A        B        C        D        E       F      G
               +--------+--------+--------+--------+--------+-----+--------+
         Total |     95 |     95 |      0 |      0 |      0 |   1 |   95.0 |
       Dungeon |     95 |     95 |      0 |      0 |      0 |   1 |   95.0 |
               +--------+--------+--------+--------+--------+-----+--------+

Top non-repeatable levels by time:
       D: 95 daAuts
